 Dungeon Crawl Stone Soup version 0.24-a0-574-g7d3d5a4 (webtiles) character file.

Game seed: 334348131412342086

2618 Balder the Slasher (level 9, -1/79 HPs)
             Began as a Pale Draconian Fighter on Aug 20, 2019.
             Was a Believer of Okawaru.
             Slain by a hog (7 damage)
             ... on level 8 of the Dungeon.
             The game lasted 00:28:17 (7814 turns).

Balder the Slasher (Pale Draconian Fighter)         Turns: 7814, Time: 00:28:17

Health: -1/79      AC:  8    Str: 18    XL:     9   Next: 34%
Magic:  13/13      EV: 20    Int:  8    God:    Okawaru [**....]
Gold:   336        SH: 12    Dex: 20    Spells: 14/14 levels left

rFire    . . .     SeeInvis .   a - +1 long sword
rCold    . . .     Gourm    .   b - +1 shield
rNeg     + . .     Faith    .   (armour unavailable)
rPois    .         Spirit   .   (helmet restricted)
rElec    .         Reflect  .   n - +0 cloak
rCorr    .         Harm     .   (no gloves)
MR       .....                  (no boots)
Stlth    +++++.....             (no amulet)
HPRegen  0.23/turn              g - ring of positive energy
MPRegen  0.13/turn              (no ring)

@: agile
A: breathe steam, unfitting armour, cold-blooded, AC +7
a: Breathe Steam, Heroism, Renounce Religion


You were on level 8 of the Dungeon.
You worshipped Okawaru.
Okawaru was pleased with you.
You were not hungry.

You visited 1 branch of the dungeon, and saw 8 of its levels.

You collected 336 gold pieces.

Inventory:

Hand Weapons
 a - a +1 long sword (weapon)
 q - a +1 whip of electrocution
 v - a +2 whip of draining
 y - a cursed -1 whip
 z - a +0 morningstar
 F - a +2 flail of holy wrath
 I - a +2 dagger of venom
 K - a +2 whip of flaming
Missiles
 e - 18 poisoned darts (quivered)
 u - 5 javelins
Armour
 b - a +1 shield (worn)
 h - a +0 pair of boots
 n - a +0 cloak (worn)
Jewellery
 f - an uncursed amulet of guardian spirit {unknown}
 g - a ring of positive energy (left hand)
 i - an uncursed amulet of the gourmand
 s - an uncursed ring of resist corrosion
Wands
 l - a wand of random effects (30)
 H - a wand of flame (6)
Scrolls
 o - 2 scrolls of teleportation
 p - a scroll of enchant weapon
 r - a scroll of fog {unknown}
 t - a scroll of fear
 w - a scroll of identify
 A - 2 scrolls of blinking {unknown}
 C - 3 scrolls of magic mapping
Potions
 c - 2 potions of might
 j - a potion of curing {unknown}
 k - a potion of agility
 m - a potion of invisibility
 x - a potion of heal wounds {unknown}
 B - 2 potions of haste
 D - a potion of cancellation
 E - a potion of magic {unknown}
 G - 2 potions of mutation {unknown}
 J - a potion of flight {unknown}
Comestibles
 d - 19 rations


   Skills:
 * Level 7.5 Fighting
 * Level 7.6 Long Blades
 * Level 1.6 Maces & Flails
 + Level 3.2 Throwing
 * Level 6.3 Dodging
 * Level 6.1 Stealth
 * Level 7.1 Shields
 + Level 3.3 Unarmed Combat
 + Level 3.1 Spellcasting


You had 14 spell levels left.
You didn't know any spells.
Your spell library was empty.

Dungeon Overview and Level Annotations

Branches:
Dungeon (8/15)             Temple (0/1) D:6
   Lair: D:8-11

Altars:
Dithmenos
Okawaru
Uskayaw
Vehumet
The Shining One

Annotations:
D:4 2 transporters
D:7 2 transporters, Oroborous's ghost, novice DsNe


Innate Abilities, Weirdness & Mutations

You can breathe blasts of scalding, opaque steam.
Your pale cyan-grey scales are hard. (AC +7)
You cannot fit into any form of body armour.
You are cold-blooded and may be slowed by cold attacks.


Message History

* * * LOW HITPOINT WARNING * * *
You block the hog's attack. The hog completely misses you.
You hit the human.
The human is almost dead.
The human completely misses you. The hog barely misses you.
You riposte.
You barely miss the hog.
The hog is moderately wounded.
The hog bites you but does no damage.
You hit the human but do no damage.
Your tail-slap misses the human.
The human is almost dead.
You block the hog's attack. The hog completely misses you.
You block the human's attack. You block the hog's attack. The hog misses you.
You riposte.
You slash the hog!
The hog is heavily wounded.
Your shield prevents you from hitting the human.
You tail-slap the human, but do no damage.
The human is almost dead.
The human hits you but does no damage. The hog bites you but does no damage.
The hog bites you!
You die...

#................
##..............#.
.<.....>.........
#######...............
#.....#...............
#.....#..............#
###'###..............#
#%.Yhh#..............#
#%%hp@'...........##.+
#######..##..........#
#...####......#..
#..## ##....###. #..
....## #.. ....# ...
...#. ....


You could see a yak, 3 hogs and a human.

Vanquished Creatures
  Pikel (D:7)
  Grinder (D:6)
  A hippogriff (D:6)
  A sky beast (D:5)
  3 centaurs (D:5)
  A big kobold (D:7)
  2 bullfrogs
  2 wyvern skeletons
  2 scorpions
  2 howler monkeys (D:5)
  2 crimson imps
  2 hounds
  A jelly (D:6)
  A bullfrog skeleton (D:6)
  An orc priest (D:4)
  An iguana (D:5)
  5 orc wizards
  7 worker ants
  A hound skeleton (D:4)
  A worker ant zombie (D:5)
  3 gnolls (D:6)
  8 adders
  3 oozes
  2 worms
  2 dart slugs (D:2)
  2 leopard geckos
  15 orcs
  6 giant cockroaches
  4 hobgoblins
  5 jackals
  6 quokkas
  A ball python (D:6)
  5 bats
  2 frilled lizards
  7 goblins
  7 kobolds
  A quokka skeleton (D:6)
  9 rats
126 creatures vanquished.

Vanquished Creatures (others)
  An orc wizard (D:7)
1 creature vanquished.

Grand Total: 127 creatures vanquished

Notes
Turn   | Place    | Note
-------+----------+-------------------------------------------
     0 | D:1      | Balder the Draconian Fighter began the quest for the Orb.
     0 | D:1      | Reached XP level 1. HP: 19/19 MP: 1/1
   463 | D:1      | Reached XP level 2. HP: 19/26 MP: 2/2
  1448 | D:2      | Found a glowing golden altar of the Shining One.
  1555 | D:2      | Reached XP level 3. HP: 30/31 MP: 3/3
  2762 | D:3      | You fall into a shaft and drop 3 floors!
  2779 | D:6      | Reached skill level 5 in Fighting
  2779 | D:6      | Reached skill level 5 in Shields
  2779 | D:6      | Reached XP level 4. HP: 12/44 MP: 3/7
  2783 | D:6      | Reached skill level 5 in Dodging
  2783 | D:6      | Reached skill level 5 in Stealth
  2783 | D:6      | Reached XP level 5. HP: 8/52 MP: 3/9
  3110 | D:6      | Reached XP level 6. HP: 49/60 MP: 10/10
  3229 | D:5      | Entered Level 5 of the Dungeon
  3289 | D:4      | Found a transporter.
  3310 | D:4      | Found a transporter.
  3853 | D:4      | Your scales start taking on a pale cyan-grey colour.
  3853 | D:4      | Reached XP level 7. HP: 66/66 MP: 11/11
  4112 | D:4      | Found a radiant altar of Vehumet.
  5138 | D:5      | Found an iron altar of Okawaru.
  5152 | D:5      | Became a worshipper of Warmaster Okawaru
  5332 | D:5      | Reached * piety under Okawaru
  5332 | D:5      | Reached XP level 8. HP: 39/73 MP: 12/12
  6144 | D:6      | Found a shadowy altar of Dithmenos.
  6166 | D:6      | Noticed a hippogriff
  6180 | D:6      | Killed a hippogriff
  6192 | D:6      | Noticed Grinder
  6202 | D:6      | Paralysed by Grinder for 6 turns
  6212 | D:6      | Killed Grinder
  6212 | D:6      | Reached skill level 1 in Maces & Flails
  6626 | D:6      | Found a staircase to the Ecumenical Temple.
  6867 | D:7      | Reached ** piety under Okawaru
  7195 | D:7      | Reached XP level 9. HP: 70/79 MP: 13/13
  7219 | D:7      | Found a transporter.
  7226 | D:7      | Identified the +10 dire flail of Ihezem {crush, Int+3 SInv
                  | Stlth+}
  7227 | D:7      | Noticed Oroborous's ghost (novice DsNe)
  7228 | D:7      | Found a transporter.
  7509 | D:7      | Found a hide-covered altar of Uskayaw.
  7509 | D:7      | Noticed Pikel
  7528 | D:7      | Killed Pikel
  7814 | D:8      | Slain by a hog

Levels and vault maps discovered:
D:1:      elethiomel_arrival_infinity_welcomes_careful_drivers, layout_basic
D:2:      layout_basic, lemuel_doored_altar, first_ration
D:3:      layout_loops_ring, minmay_between
D:4:      gammafunk_wand_slinger, layout_layer_cave, lemuel_statue_altar
D:5:      minmay_chambers_of_fours, layout_rooms, okawaru_trees_2
D:6:      layout_rooms, minmay_temple_entry_purple_smoke, basic_altar,
          kennysheep_generic_room_9, uniq_grinder
D:7:      layout_loops_cross, lemuel_coloured_pillars_altar,
          gammafunk_ghost_smash, uniq_pikel
D:8:      minmay_tri_box, layout_layer_cave, kennysheep_little_box,
          serial_shops, shop, gammafunk_ghost_wrathful_warriors,
          grunt_livestock, david_defended_altar_elf, uniq_grum, uniq_psyche,
          uniq_joseph, uniq_harold

Skill      XL: |  1  2  3  4  5  6  7  8  9 |
---------------+----------------------------+-----
Dodging        | 3 4 5 6 |  6.3
Fighting       | 5 7 |  7.5
Long Blades    | 4 6 7 |  7.6
Throwing       | 2 3 |  3.2
Stealth        | 3 5 6 |  6.1
Shields        | 5 6 7 |  7.1
Unarmed Combat | 2 3 |  3.3
Spellcasting   | 2 3 |  3.1
Maces & Flails | 1 |  1.6

Action                   |  1- 3 |  4- 6 |  7- 9 || total
-------------------------+-------+-------+-------++-------
Melee: Long sword        |   103 |    45 |   303 ||   451
       Tailslap          |     7 |     4 |    51 ||    62
Throw: Dart              |     1 |       |     4 ||     5
Invok: Heroism           |       |       |     1 ||     1
 Abil: Breathe Steam     |       |       |     3 ||     3
  Use: Potion            |     4 |     3 |     2 ||     9
       Scroll            |       |     4 |     6 ||    10
 Stab: Sleeping          |       |     3 |     9 ||    12
       Distracted        |       |       |     1 ||     1
  Eat: Chunk             |     3 |     2 |    14 ||    19
       Ration            |     1 |       |       ||     1
Armor: Skin              |    20 |     6 |    64 ||    90
Dodge: Dodged            |    44 |    22 |   160 ||   226
Block: Shield            |    46 |    32 |   197 ||   275
       Rpst.: Long sword |    10 |    12 |    41 ||    63

Table legend:
 A = Non-vault XP
 B = Vault XP
 C = Vault XP percentage of total XP
 D = Non-vault monster count
 E = Vault monster count
 F = Vault count percentage of total count
                 A         B        C        D         E       F
            +---------+---------+-------+---------+---------+-------
      Total |    2405 |    1082 |  31.0 |     117 |      10 |   7.9
            +---------+---------+-------+---------+---------+-------
        D:1 |      22 |       0 |   0.0 |      16 |       0 |   0.0
        D:2 |      48 |       0 |   0.0 |      17 |       0 |   0.0
        D:3 |      19 |      12 |  38.7 |       6 |       4 |  40.0
        D:4 |     176 |       0 |   0.0 |      12 |       0 |   0.0
        D:5 |     826 |     182 |  18.1 |      22 |       4 |  15.4
        D:6 |     783 |     281 |  26.4 |      25 |       1 |   3.8
        D:7 |     531 |     607 |  53.3 |      19 |       1 |   5.0
            +---------+---------+-------+---------+---------+-------
